 Dungeon Crawl Stone Soup version 0.30-b1-2-g02819fbbbe (webtiles) character file.

Game seed: 9078835815076264749

31057 magipi the Geomancer (level 13, -5/63 HPs)
             Began as a Gargoyle Earth Elementalist on June 6, 2023.
             Was an Elder of Vehumet.
             Slain by a five-headed hydra (10 damage)
             ... on level 3 of the Lair of Beasts.
             The game lasted 01:03:03 (16828 turns).

magipi the Geomancer (Gargoyle Earth Elementalist) Turns: 16828, Time: 01:03:03

Health: -5/63      AC: 18    Str: 13    XL:     13   Next: 55%
Magic:  16/27      EV:  9    Int: 26    God:    Vehumet [****..]
Gold:   772        SH:  6    Dex: 10    Spells: 5/32 levels left

rFire   + . .        a - +3 dagger (protect)
rCold   . . .        A - +0 kite shield
rNeg    + + .        K - +2 robe {Will+}
rPois   ∞            f - +1 helmet
rElec   +            s - +1 cloak of Gura {rC+ rN+}
rCorr   .            B - +0 pair of gloves
SInv    .            (no boots)
Will    +....        (no amulet)
Stlth   ++           N - ring of fire
HPRegen 0.30/turn    R - +6 ring of intelligence
MPRegen 0.20/turn

%: no passive effects
@: no status effects
A: sickness immunity, AC +9, negative energy resistance 1, electricity
resistance, torment resistance 1, petrification resistance
a: Renounce Religion


You were on level 3 of the Lair of Beasts.
You worshipped Vehumet.
Vehumet was greatly pleased with you.
You visited 3 branches of the dungeon, and saw 16 of its levels.
You also visited: Sewer.

You collected 772 gold pieces.

Inventory:

Hand Weapons
 a - a +3 dagger of protection (weapon)
   (You took it off a goblin on level 1 of the Dungeon)
 b - a +1 demon whip of venom
   (You took it off Amaemon on level 1 of the Lair of Beasts)
Missiles
 H - 3 boomerangs
 O - a throwing net
Armour
 f - a +1 helmet (worn)
   (You found it on level 1 of the Dungeon)
 s - the +1 cloak of Gura (worn) {rC+ rN+}
   (You found it on level 4 of the Dungeon)

   rC:        It protects you from cold.
   rN:        It protects you from negative energy.
 A - a +0 kite shield (worn)
   (You took it off a gnoll sergeant on level 5 of the Dungeon)
 B - a +0 pair of gloves (worn)
   (You found it on level 6 of the Dungeon)
 K - a +2 robe of willpower (worn)
   (You took it off Pikel on level 9 of the Dungeon)
Jewellery
 i - a ring of see invisible
   (You found it on level 7 of the Dungeon)
 n - a ring of positive energy
   (You found it on level 3 of the Dungeon)
 r - the amulet of the Furies {RegenMP rCorr}
   (You acquired it on level 5 of the Dungeon)

   [amulet of magic regeneration]

   It increases your rate of magic regeneration.
   rCorr:     It protects you from acid and corrosion.
 F - a ring of flight
   (You found it on level 7 of the Dungeon)
 G - a ring of ice
   (You found it on level 7 of the Dungeon)
 L - an amulet of reflection
   (You found it on level 9 of the Dungeon)
 N - a ring of fire (left hand)
   (You found it on level 10 of the Dungeon)
 R - a +6 ring of intelligence (right hand)
   (You found it on level 11 of the Dungeon)
Wands
 C - a wand of light (10)
   (You found it on level 6 of the Dungeon)
 I - a wand of mindburst (27)
   (You found it on level 8 of the Dungeon)
 J - a wand of charming (21)
   (You took it off Pikel on level 9 of the Dungeon)
 Q - a wand of iceblast (4)
   (You found it on level 11 of the Dungeon)
 S - a wand of flame (10)
   (You found it on level 11 of the Dungeon)
Scrolls
 d - 4 scrolls of teleportation
 e - 3 scrolls of poison
 h - 4 scrolls of magic mapping
 j - 9 scrolls of identify
 o - a scroll of amnesia
 u - 2 scrolls of enchant weapon
 v - 4 scrolls of noise
 w - 4 scrolls of blinking
 x - 2 scrolls of fear
 y - a scroll of vulnerability
 D - a scroll of fog
 E - a scroll of enchant armour
 M - a scroll of immolation
 T - a scroll of butterflies
Potions
 c - 2 potions of ambrosia
 g - 6 potions of mutation
 k - 4 potions of brilliance
 l - 4 potions of invisibility
 m - 4 potions of flight
 p - 3 potions of magic
 q - 5 potions of heal wounds
 t - 5 potions of curing
 P - a potion of might


   Skills:
 - Level 1.5 Dodging
 - Level 2.1 Stealth
 - Level 10.0 Spellcasting
 + Level 12.3 Conjurations
 + Level 9.4 Translocations
 - Level 8.0 Transmutations
 + Level 12.3 Earth Magic


You had 5 spell levels left.
You knew the following spells:

 Your Spells              Type           Power      Damage    Failure   Level
e - Sandblast             Erth           100%       2d20      1%          1
l - Lee's Rapid Deconstr  Erth           33%        3d17*     1%          5
r - Searing Ray           Conj           100%       2d8       1%          2
s - Stone Arrow           Conj/Erth      100%       3d13      1%          3
w - Passwall              Tmut/Erth      50%        N/A       1%          2
I - Iron Shot             Conj/Erth      33%        9d7       5%          6
M - Iskenderun's Mystic   Conj/Tloc      62%        2d13      1%          4
P - Petrify               Tmut/Erth      60%        N/A       3%          4

Your spell library contained the following spells:

 Spells                   Type           Power      Damage    Failure   Level
 Kiss of Death            Conj/Necr      100%       2d13      1%          1
 Dazzling Flash           Conj/Hex       90%        N/A       1%          3
 Volatile Blastmotes      Fire/Tloc      100%       2d18      2%          3
 Ignite Poison            Fire/Tmut/Pois 40%        N/A       5%          3
 Spider Form              Tmut/Pois      33%        N/A       11%         3
 Inner Flame              Hex/Fire       19%        N/A       16%         3
 Freezing Cloud           Conj/Ice/Air   17%        6-21      24%         5
 Yara's Violent Unravell  Hex/Tmut       16%        3d8       26%         5
 Confusing Touch          Hex            13%        N/A       50%         3
 Ozocubu's Armour         Ice            13%        N/A       50%         3
 Vampiric Draining        Necr           13%        2d6       50%         3
 Animate Dead             Necr           13%        N/A       88%         4
 Dispel Undead            Necr           13%        3d9       88%         4
 Summon Ice Beast         Ice/Summ       13%        N/A       88%         4
 Metabolic Englaciation   Hex/Ice        6%         N/A       99%         5
 Summon Mana Viper        Hex/Summ       13%        N/A       99%         5
 Starburst                Conj/Fire      30%        6d9       50%         6
 Simulacrum               Ice/Necr       6%         N/A       100%        6
 Enfeeble                 Hex            6%         N/A       100%        7
 Haunt                    Necr/Summ      6%         N/A       100%        7
 Monstrous Menagerie      Summ           6%         N/A       100%        7
 Infestation              Necr           6%         N/A       100%        8
 Cigotuvi's Dreadful Rot  Necr/Pois/Air  Unusable   N/A       N/A         2

Dungeon Overview and Level Annotations

Branches:
Dungeon (12/15)            Temple (1/1) D:7            Lair (3/5) D:11
  Swamp (0/4) Lair:2       Spider (0/4) Lair:3          Orc (0/2) D:12
  Sewer (visited)

Altars:
Ashenzari
Cheibriados
Dithmenos
Elyvilon
Fedhas
Gozag
Hepliaklqana
Kikubaaqudgha
Nemelex Xobeh
Okawaru
Ru
Sif Muna
Trog
Uskayaw
Vehumet
Wu Jian
Xom
Yredelemnul
Zin
The Shining One

Shops:
D:4 (

Annotations:
D:3 2 runed translucent doors
D:4 1 runed translucent door, arta456's ghost, amateur DECj
D:7 exclusion: ice statue


Innate Abilities, Weirdness & Mutations

You are immune to sickness and miasma.
Your stone body is resilient. (AC +9)
You are immune to poison.
You resist negative energy. (rN+)
You are resistant to electric shocks. (rElec)
You are resistant to unholy torment.
You are immune to petrification.


Message History

The stone arrow hits the five-headed hydra!
The five-headed hydra is moderately wounded.
The five-headed hydra bites you but does no damage.
The five-headed hydra bites you! x2; The five-headed hydra bites you.
The five-headed hydra barely misses you.
Casting: Stone Arrow (safe; 1% risk of failure)
Confirm with . or Enter, or press ? or * to list all spells.
Aiming: Stone Arrow (safe; 1% risk of failure)
Press: ? - help, Shift-Dir - straight line, f/p - five-headed hydra
Aim: a five-headed hydra (moderately wounded, 92% to hit)
The stone arrow hits the five-headed hydra!!
The five-headed hydra is severely wounded.
The five-headed hydra bites you.
The five-headed hydra bites you but does no damage.
The five-headed hydra bites you.
* * * LOW HITPOINT WARNING * * *
The five-headed hydra bites you but does no damage.
The five-headed hydra closely misses you.
Unknown command.
Unknown command.
The death yak attacks as you move away!
The death yak gores you but does no damage.
Unknown command.
Unknown command.
Unknown command.
Casting: Stone Arrow (safe; 1% risk of failure)
Confirm with . or Enter, or press ? or * to list all spells.
Aiming: Stone Arrow (safe; 1% risk of failure)
Press: ? - help, Shift-Dir - straight line, f/p - five-headed hydra
Aim: a five-headed hydra (severely wounded, 92% to hit)
The stone arrow hits the five-headed hydra!
The five-headed hydra is almost dead.
The five-headed hydra bites you.
* * * LOW HITPOINT WARNING * * *
The five-headed hydra bites you but does no damage.
You block the five-headed hydra's attack.
The five-headed hydra bites you.
* * * LOW HITPOINT WARNING * * *
The five-headed hydra bites you!
You die...

###### ########## ##
##.#P.### #P...P#..##.###
........####..............
.#.P........#...#D...P..#
...#.P...>..#.#.@#.Y.##.. #
#....#.....#..#..#.#.# ..#
...#..#...#.#.#..#.Y.##.....
##.#..#............!........
##...##.....#....#....Y.##..
#...#...##.....##...##.#
.##.##...##...P..#.#.# #
..##.............#.#..#
.......#.#..P........#..


You could see a five-headed hydra.

Vanquished Creatures
  A centaur warrior (D:12)
  4 two-headed ogres
  2 boulder beetles
  Amaemon (Lair:1)
  Pikel (D:9)
  A lindwurm (Lair:3)
  An ugly thing (D:12)
  2 wolf spiders (Lair:1)
  4 elephants (Lair:2)
  2 cyclopes (D:11)
  A black mamba (Lair:2)
  A gargoyle (D:12)
  Joseph (Lair:1)
  An orange demon (Lair:1)
  A torpor snail (Lair:3)
  2 unseen horrors
  5 cane toads
  7 komodo dragons
  A kobold demonologist (D:12)
  5 trolls
  A polar bear (Lair:1)
  A hornet (D:9)
  4 blink frogs (Lair:2)
  2 shadows
  4 slime creatures
  A wyvern (D:10)
  14 yaks
  3 basilisks
  22 vampire mosquitoes
  A steam dragon (Lair:3)
  3 wargs (D:11)
  An acid dragon (D:11)
  11 water moccasins
  A black bear (D:8)
  4 orc warriors
  A sky beast (D:6)
  2 ice beasts
  2 ogres
  4 centaurs
  10 wolves
  3 lemures (D:9)
  7 kobold brigands
  12 bullfrogs
  5 scorpions
  2 necrophages (D:6)
  2 gnoll sergeants
  A water moccasin zombie (D:6)
  5 wights
  18 killer bees
  5 howler monkeys
  An electric eel (D:7)
  A centaur zombie (D:6)
  2 bullfrog zombies (D:6)
  A human zombie (D:6)
  A jelly (D:7)
  2 hounds
  2 iguanas
  6 orc priests
  A sleepcap (D:5)
  A gnoll bouda (D:5)
  12 orc wizards
  5 hell rats (Lair:3)
  4 mummies (D:6)
  17 gnolls
  9 adders
  2 river rats (Sewer)
  A shadow imp (D:6)
  An ufetubus (D:5)
  7 worms
  4 dart slugs
  41 orcs
  6 bats
  7 endoplasms
  10 giant cockroaches
  6 goblins
  6 hobgoblins
  8 jackals
  8 quokkas
  9 ball pythons
  6 frilled lizards
  24 kobolds
  10 rats
417 creatures vanquished.

Vanquished Creatures (others)
  2 bushes (Lair:3)
  16 fungi
  6 plants
24 creatures vanquished.

Grand Total: 441 creatures vanquished

Notes
Turn   | Place    | Note
-------+----------+-------------------------------------------
     0 | D:1      | magipi the Gargoyle Earth Elementalist began the quest for
                  | the Orb.
     0 | D:1      | Reached XP level 1. HP: 10/10 MP: 3/3
   115 | D:1      | Reached skill level 1 in Transmutations
   134 | D:1      | Reached XP level 2. HP: 15/15 MP: 3/5
   191 | D:1      | Learned a level 2 spell: Passwall
   931 | D:2      | Reached XP level 3. HP: 19/19 MP: 2/6
   974 | D:2      | Learned a level 3 spell: Stone Arrow
  1034 | D:2      | Found a glowing golden altar of the Shining One.
  1532 | D:3      | Found a hide-covered altar of Uskayaw.
  1572 | D:3      | Reached XP level 4. HP: 24/24 MP: 3/8
  1671 | D:3      | Found a glowing drain.
  1697 | Sewer    | Entered a sewer
  1853 | Sewer    | Noticed a kobold brigand
  1853 | Sewer    | Noticed a kobold brigand
  1879 | Sewer    | Killed a kobold brigand
  1880 | Sewer    | Reached skill level 5 in Earth Magic
  1880 | Sewer    | Reached XP level 5. HP: 23/28 MP: 3/9
  1889 | Sewer    | Killed a kobold brigand
  2006 | Sewer    | Reached XP level 6. HP: 32/32 MP: 9/11
  2489 | Sewer    | Reached XP level 7. HP: 36/36 MP: 9/14
  2499 | Sewer    | Learned a level 4 spell: Petrify
  3182 | D:3      | Found a large runed translucent door.
  3190 | D:3      | Found a large runed translucent door.
  3400 | D:4      | Reached skill level 1 in Conjurations
  3746 | D:4      | Reached skill level 5 in Spellcasting
  3756 | D:4      | Identified the +1 cloak of Gura {rC+ rN+}
  3902 | D:4      | Reached XP level 8. HP: 29/41 MP: 7/15
  4185 | D:4      | Found a runed translucent door.
  4198 | D:4      | Found Huakki's Weapon Emporium.
  4249 | D:4      | Noticed arta456's ghost (amateur DECj)
  4491 | D:5      | Entered Level 5 of the Dungeon
  4502 | D:5      | Identified a scroll of acquirement
  4502 | D:5      | Acquired the amulet of the Furies {RegenMP rCorr}
  5899 | D:6      | Reached skill level 5 in Conjurations
  5914 | D:6      | Reached XP level 9. HP: 24/45 MP: 11/17
  6105 | D:6      | Found an ancient bone altar of Kikubaaqudgha.
  6497 | D:7      | Got the Enchiridion on Variable Rot
  6535 | D:7      | Found a staircase to the Ecumenical Temple.
  6542 | Temple   | Entered the Ecumenical Temple
  6590 | Temple   | Became a worshipper of Vehumet
  6861 | D:7      | Noticed an ice statue
  7049 | D:7      | Found a glowing silver altar of Zin.
  7446 | D:7      | Reached * piety under Vehumet
  7446 | D:7      | Offered knowledge of Shock by Vehumet.
  7854 | D:8      | Reached skill level 5 in Transmutations
  7854 | D:8      | Reached XP level 10. HP: 50/50 MP: 14/19
  8134 | D:8      | Reached skill level 10 in Earth Magic
  8408 | D:8      | Offered knowledge of Searing Ray by Vehumet.
  8410 | D:8      | Reached ** piety under Vehumet
  8420 | D:8      | Learned a level 2 spell: Searing Ray
  8838 | D:9      | Noticed Pikel
  8872 | D:9      | Killed Pikel
  9119 | D:9      | Reached skill level 10 in Conjurations
  9622 | D:9      | Noticed a two-headed ogre
  9630 | D:9      | Killed a two-headed ogre
  9867 | D:10     | Entered Level 10 of the Dungeon
  9882 | D:10     | Noticed an unseen horror
  9886 | D:10     | Killed an unseen horror
  9887 | D:10     | Reached XP level 11. HP: 54/54 MP: 21/21
 10172 | D:10     | Noticed a two-headed ogre
 10176 | D:10     | Killed a two-headed ogre
 10672 | D:10     | Offered knowledge of Static Discharge by Vehumet.
 10727 | D:10     | Noticed a two-headed ogre
 10732 | D:10     | Killed a two-headed ogre
 11030 | D:10     | Learned a level 4 spell: Iskenderun's Mystic Blast
 11070 | D:11     | Found a sparkling altar of Nemelex Xobeh.
 11077 | D:11     | Noticed a cyclops
 11099 | D:11     | Killed a cyclops
 11100 | D:11     | Reached skill level 1 in Translocations
 11253 | D:11     | Noticed a boulder beetle
 11332 | D:11     | Found a staircase to the Lair.
 11365 | D:11     | Reached *** piety under Vehumet
 11650 | D:11     | Noticed a cyclops
 11664 | D:11     | Killed a cyclops
 11672 | D:11     | Reached XP level 12. HP: 39/59 MP: 18/24
 12012 | D:11     | Killed a boulder beetle
 12012 | D:11     | Offered knowledge of Airstrike by Vehumet.
 12284 | D:12     | Reached **** piety under Vehumet
 12640 | D:12     | Noticed a two-headed ogre
 12651 | D:12     | Killed a two-headed ogre
 12849 | D:12     | Offered knowledge of Lee's Rapid Deconstruction by Vehumet.
 12908 | D:12     | Noticed a centaur warrior
 12928 | D:12     | Killed a centaur warrior
 13092 | D:12     | Found a staircase to the Orcish Mines.
 13159 | D:12     | Learned a level 5 spell: Lee's Rapid Deconstruction
 13308 | Lair:1   | Entered Level 1 of the Lair of Beasts
 13309 | Lair:1   | Noticed Amaemon
 13318 | Lair:1   | Killed Amaemon
 13319 | Lair:1   | Reached skill level 5 in Translocations
 13837 | Lair:1   | Noticed Joseph
 13843 | Lair:1   | Killed Joseph
 13910 | Lair:1   | Reached skill level 10 in Spellcasting
 13914 | Lair:1   | Reached XP level 13. HP: 55/63 MP: 18/27
 14458 | Lair:2   | Reached ***** piety under Vehumet
 14458 | Lair:2   | Offered knowledge of Iron Shot by Vehumet.
 15148 | Lair:2   | Found a staircase to the Swamp.
 15679 | Lair:2   | Learned a level 6 spell: Iron Shot
 16292 | Lair:3   | Found a hole to the Spider Nest.
 16828 | Lair:3   | Slain by a five-headed hydra

Illustrated notes

Levels and vault maps discovered:
D:1:      lordsloth_arrival_two_stooges, layout_loops_ring,
          kennysheep_pointless_box, kennysheep_small_spiral,
          chequers_serial_rivers_marsh
D:2:      layout_rooms, basic_altar, nicolae_elevator_lobby_plus
D:3:      layout_loops_ring, eat_drink_and_be_merry_uskayaw,
          jmf_multi_god_temple2, gup_sewer_entry_spiral,
          hangedman_abyss_or_decor_stabs, hangedman_decor_growths,
          corner_web_ring
D:4:      layout_basic, ebering_ghost_reflecting_pool, serial_shops, shop
D:5:      layout_basic
D:6:      layout_loops_cross, lemuel_mausoleum_altar_kikubaaqudgha
D:7:      lemuel_ice_statue, layout_basic, mainiacjoe_overflow_chevrons,
          temple_green, lightli_minifort
D:8:      layout_basic
D:9:      layout_basic, uniq_pikel
D:10:     layout_stronghold, grunt_ogre_cave
D:11:     layout_cave_pods, erik_lair_orcish_takeover,
          nemelex_xobeh_ov_fountains_minmay
D:12:     layout_loops_ring, orc_0_dummy
Temple:   nicolae_temple_bog_church
Lair:1:   layout_chaotic_city, nicolae_lair_run_with_the_wolves,
          infiniplex_staircase_pool_2, uniq_joseph, uniq_amaemon
Lair:2:   layout_cave_shapes, minmay_swamp_entry_swarm, grunt_megastairs_2,
          serial_bayou_shore_b, lemuel_fruit_tree
Lair:3:   layout_long_grid, nicolae_spider_entry_non_spiders, grunt_megastairs_4

Skill      XL: |  1  2  3  4  5  6  7  8  9 10 11 12 13 |
---------------+----------------------------------------+-----
Transmutations | 1 2 3 5 6 8 |  8.0
Earth Magic    | 4 5 7 8 9 10 12 | 12.3
Spellcasting   | 3 4 5 6 8 10 | 10.0
Conjurations   | 2 5 8 10 12 | 12.3
Translocations | 2 6 9 |  9.4
Dodging        | |  1.5
Stealth        | |  2.1

Action                     |  1- 3 |  4- 6 |  7- 9 | 10-12 | 13-15 || total
---------------------------+-------+-------+-------+-------+-------++-------
  Melee: Dagger            |     3 |     1 |    12 |     3 |    40 ||    59
         Punch             |       |       |     1 |       |       ||     1
   Cast: Sandblast         |    54 |    62 |   175 |   100 |    63 ||   454
         Stone Arrow       |       |       |    56 |   110 |    65 ||   231
         Passwall          |       |       |     3 |     1 |     1 ||     5
         Searing Ray       |       |       |       |    52 |    16 ||    68
         Iskenderun's Myst |       |       |       |     8 |     8 ||    16
         Petrify           |       |       |       |       |     6 ||     6
  Evoke: Wand              |       |       |       |     3 |       ||     3
    Use: Scroll            |     5 |       |    15 |     2 |     2 ||    24
         Potion            |       |       |     5 |       |       ||     5
   Stab: Sleeping          |     1 |       |     6 |     2 |     2 ||    11
         Petrified         |       |       |       |       |    15 ||    15
 Armour: Robe              |    10 |     8 |    70 |   117 |    99 ||   304
  Dodge: Dodged            |    11 |    14 |    93 |   115 |    58 ||   291
  Block: Kite shield       |       |       |       |    57 |    48 ||   105

Action                     |  1- 3 |  4- 6 |  7- 9 | 10-12 | 13-15 || total
---------------------------+-------+-------+-------+-------+-------++-------
  Melee: Dagger            |     3 |     1 |    12 |     3 |    40 ||    59
         Punch             |       |       |     1 |       |       ||     1
   Cast: Sandblast         |    54 |    62 |   175 |   100 |    63 ||   454
         Stone Arrow       |       |       |    56 |   110 |    65 ||   231
         Passwall          |       |       |     3 |     1 |     1 ||     5
         Searing Ray       |       |       |       |    52 |    16 ||    68
         Iskenderun's Myst |       |       |       |     8 |     8 ||    16
         Petrify           |       |       |       |       |     6 ||     6
  Evoke: Wand              |       |       |       |     3 |       ||     3
    Use: Scroll            |     5 |       |    15 |     2 |     2 ||    24
         Potion            |       |       |     5 |       |       ||     5
   Stab: Sleeping          |     1 |       |     6 |     2 |     2 ||    11
         Petrified         |       |       |       |       |    15 ||    15
 Armour: Robe              |    10 |     8 |    70 |   117 |    99 ||   304
  Dodge: Dodged            |    11 |    14 |    93 |   115 |    58 ||   291
  Block: Kite shield       |       |       |       |    57 |    48 ||   105
